 Dungeon Crawl Stone Soup version 0.23.2-1-ga50397a (webtiles) character file.

Game seed: 17115123760454285218

9319 doot the Thaumaturge (level 11, -9/85 HPs)
             Began as a Deep Elf Fire Elementalist on May 20, 2019.
             Was a Priest of Vehumet.
             Mangled by a stone giant (33 damage)
             ... in a volcano.
             The game lasted 00:40:32 (13383 turns).

doot the Thaumaturge (Deep Elf Fire Elementalist)  Turns: 13383, Time: 00:40:34

Health: -9/85      AC: 25    Str:  5    XL:     11   Next: 21%
Magic:  21/29      EV:  2    Int: 24    God:    Vehumet [***...]
Gold:   352        SH:  0    Dex: 15    Spells: 6/34 levels left

rFire    + . .     SeeInvis .   p - +4 scimitar (flame)
rCold    x . .     Gourm    .   (no shield)
rNeg     + + +     Faith    +   (armour currently unavailable)
rPois    +         Spirit   .   (helmet currently unavailable)
rElec    .         Reflect  .   (cloak currently unavailable)
rCorr    .         Harm     .   (gloves currently unavailable)
MR       +....     NoTele   +   (boots currently unavailable)
Stlth    +++.......             r - amulet of faith
HPRegen  0.24/turn              e - ring of wizardry
MPRegen  0.21/turn              O - ring of fire

@: tree-form
A: no striking features
a: Renounce Religion


You were in a volcano.
You worshipped Vehumet.
Vehumet was most pleased with you.
You were not hungry.
You were a tree.
You visited 4 branches of the dungeon, and saw 14 of its levels.
You also visited: Volcano.

You collected 774 gold pieces.
You spent 422 gold pieces at shops.

Inventory:

Hand Weapons
 g - a +0 dagger
 k - a +2 dagger of protection
 p - a +4 scimitar of flaming (weapon)
Armour
 a - a +1 robe
 d - a +0 cloak (melded)
 u - a +0 leather armour
 v - a +1 helmet (melded)
 F - a +2 robe of magic resistance (melded)
 P - the +3 ice dragon scales of the Orcish Mines {rF- rC++ MR+ Str+2}
   (You found it on level 2 of the Lair of Beasts)

   It affects your strength (+2).
   It makes you vulnerable to fire.
   It greatly protects you from cold.
   It affects your resistance to hostile enchantments.
Magical Staves
 y - an uncursed staff of death
Jewellery
 e - a ring of wizardry (left branch)
 i - an uncursed amulet of rage
 r - an amulet of faith (around neck)
 I - the amulet of Zausi {Gourm rN+++ Str+3 Int-5 SInv}
   (You found it on level 8 of the Dungeon)

   [amulet of the gourmand]

   It allows you to eat raw meat even when not hungry.
   It affects your strength (+3).
   It affects your intelligence (-5).
   It renders you almost immune to negative energy.
   It lets you see invisible.
 L - the ring "Rajual Foyz" {rC+ rN+ Slay+2}
   (You found it on level 10 of the Dungeon)

   [ring of positive energy]

   It affects your accuracy and damage with ranged weapons and melee attacks
   (+2).
   It protects you from cold.
   It protects you from negative energy.
 O - a ring of fire (right branch)
Wands
 C - a wand of digging (5)
 E - a wand of iceblast (12)
 J - a wand of flame (38)
 Q - a wand of paralysis (10)
Scrolls
 f - 2 scrolls of enchant armour
 h - 5 scrolls of remove curse
 m - 2 scrolls of amnesia
 s - a scroll of magic mapping
 t - 2 scrolls of random uselessness {unknown}
 B - 5 scrolls of teleportation
 D - a scroll of blinking {unknown}
 G - a scroll of immolation {unknown}
 H - a scroll of noise {unknown}
 K - a scroll of fear {unknown}
Potions
 b - 3 potions of might
 j - a potion of magic
 l - 3 potions of curing
 n - 2 potions of heal wounds
 q - 2 potions of flight
 w - 4 potions of brilliance {unknown}
 x - a potion of haste
 z - 2 potions of cancellation {unknown}
 A - a potion of ambrosia
 M - 2 potions of degeneration {unknown}
 N - a potion of agility {unknown}
Comestibles
 c - 29 rations


   Skills:
 + Level 1.8 Fighting
 + Level 0.8(1.5) Short Blades
 + Level 1.7(1.8) Long Blades
 + Level 3.1 Armour
 + Level 5.1 Dodging
 + Level 5.1 Stealth
 + Level 12.4 Spellcasting
 + Level 9.0 Conjurations
 + Level 2.3 Hexes
 + Level 2.3 Summonings
 + Level 10.3 Fire Magic
 + Level 2.3 Air Magic


You had 6 spell levels left.
You knew the following spells:

 Your Spells              Type           Power        Failure   Level  Hunger
a - Flame Tongue          Conj/Fire      #####        1%          1    None
b - Throw Flame           Conj/Fire      ######       1%          2    None
c - Conjure Flame         Conj/Fire      #######.     1%          3    None
d - Inner Flame           Hex/Fire       ######..     1%          3    None
e - Sticky Flame          Conj/Fire      #######.     1%          4    None
f - Confuse               Hex            ####....     1%          3    None
g - Summon Lightning Spi  Summ/Air       ####....     6%          4    None
h - Fireball              Conj/Fire      #######...   1%          5    ###....
i - Mephitic Cloud        Conj/Pois/Air  ####....     1%          3    None

Your spell library contained the following spells:

 Spells                   Type           Power        Failure   Level  Hunger
 Confusing Touch          Hex            ####..       1%          1    None
 Sandblast                Erth           ##....       1%          1    None
 Shock                    Conj/Air       ####         1%          1    None
 Summon Small Mammal      Summ           ####         1%          1    None
 Call Imp                 Summ           ####....     1%          2    None
 Swiftness                Chrm/Air       ###.....     1%          2    None
 Call Canine Familiar     Summ           ####....     1%          3    None
 Static Discharge         Conj/Air       #####...     1%          3    None
 Stone Arrow              Conj/Erth      #####.       1%          3    None
 Summon Guardian Golem    Hex/Summ       ####....     1%          3    None
 Airstrike                Air            ####......   1%          4    None
 Lightning Bolt           Conj/Air       #####.....   1%          5    ###....
 Passwall                 Tmut/Erth      ##......     2%          2    None
 Gell's Gravitas          Tloc           ##........   4%          3    None
 Yara's Violent Unravell  Hex/Tmut       ###.......   8%          5    ###....
 Summon Ice Beast         Ice/Summ       ###.....     11%         4    None
 Lee's Rapid Deconstruct  Erth           ##........   13%         5    ###....
 Petrify                  Tmut/Erth      ##......     16%         4    None
 Metabolic Englaciation   Hex/Ice        ###.......   26%         5    ###....


Dungeon Overview and Level Annotations

Branches:
Dungeon (10/15)            Temple (1/1) D:7            Lair (2/6) D:9
 Spider (0/4) Lair:2          Orc (1/2) D:10
  Swamp: Lair:2-4    Shoals: Lair:2-4

Altars:
Ashenzari
Cheibriados
Dithmenos
Elyvilon
Fedhas
Gozag
Hepliaklqana
Kikubaaqudgha
Makhleb
Nemelex Xobeh
Okawaru
Qazlal
Ru
Sif Muna
Trog
Uskayaw
Vehumet
Wu Jian
Xom
Yredelemnul
Zin
The Shining One
Lugonu

Shops:
D:4 (   D:10 =([**

Annotations:
D:7 3 runed translucent doors, doot's ghost, novice FoEE
D:10 TrebMcFLY's ghost, novice DDFi


Message History

Aim: a stone giant You feel a surge of power!
The sticky flame hits the stone giant!
The stone giant is lightly wounded.
The stone giant is covered in liquid flames!
The stone giant burns!
You slash the stone giant! You burn the stone giant.
The stone giant is moderately wounded.
The stone giant burns!
The stone giant hits you!!
* * * LOW HITPOINT WARNING * * *
Unknown command.
You feel much better.
The stone giant burns!
The stone giant hits you but does no damage.
You feel much better.
The stone giant burns!
The stone giant hits you!
You hit the stone giant but do no damage.
The stone giant is moderately wounded.
The stone giant burns!
The stone giant stops burning.
The stone giant hits you!!
* * * LOW HITPOINT WARNING * * *
The stone giant hits you!!
You die...

.8_8. ... #'# §§≈≈≈§. #)#
≈§≈§§§.# #9# ≈≈≈≈§≈≈.# #E#
§≈≈≈§§§.# #R# §≈§§≈≈≈.# #C#
§§≈§§≈..# #♣# ≈≈≈○
≈≈≈≈§§§.########+###### ≈≈≈≈§
≈≈≈≈§≈S≈..8.........°○.○.≈≈§≈§§≈≈
≈≈§§§≈≈.≈S≈.≈≈.§≈≈≈≈°°○≈.≈§≈≈≈≈§≈
≈§≈§§..≈≈§≈≈≈§§§≈≈≈§≈≈§≈§≈≈≈≈≈§§≈
§§≈.§§§≈§§§≈§§≈§≈≈≈≈§≈°≈≈§≈≈≈≈≈≈≈
≈§§≈§§≈≈≈≈§§§≈§§≈§≈≈≈≈§§§≈≈≈≈§≈≈≈
.≈§§§≈≈≈≈§≈≈§≈≈≈≈≈≈≈≈§≈≈§≈≈≈§§≈..
≈≈≈§§≈§≈≈≈..§≈§§≈≈≈≈≈§≈§≈≈≈§≈§§..


You could see a stone giant, an earth elemental, an efreet and a gargoyle.

Vanquished Creatures
  Erolcha (D:9)
  Erica (D:8)
  Pikel (D:8)
  An elephant (Lair:1)
  Maurice (D:9)
  A black mamba (Lair:1)
  A gargoyle (Volcano)
  A jumping spider (Lair:2)
  2 trolls
  2 hippogriffs
  5 yaks (Lair:1)
  2 redbacks (Lair:2)
  A fire bat (Volcano)
  A hungry ghost (D:5)
  Edmund (D:4)
  2 water moccasins
  2 orc warriors
  A porcupine (Lair:1)
  4 slaves (D:8)
  A centaur (D:5)
  5 wolves (Lair:1)
  3 ogres
  5 crocodiles (Lair:1)
  A big kobold (D:9)
  5 bullfrogs
  A wyvern skeleton (D:6)
  3 scorpions
  9 killer bees
  5 wights (D:9)
  An electric eel (Lair:1)
  2 howler monkeys (D:10)
  2 quasits
  2 bullfrog zombies
  4 orc priests
  2 hounds
  2 jellies
  2 bullfrog skeletons
  2 iguanas
  An orc wizard (D:4)
  7 worker ants
  A worker ant zombie (D:10)
  10 adders
  3 shadow imps
  An ooze (D:3)
  An adder zombie (D:5)
  2 adder skeletons
  3 worms
  A dart slug (D:1)
  8 leopard geckos
  26 orcs
  A ball python (D:2)
  6 giant cockroaches
  6 hobgoblins
  2 quokkas (D:3)
  5 bats
  6 frilled lizards
  6 goblins
  8 kobolds
  9 rats
201 creatures vanquished.

Vanquished Creatures (collateral kills)
  A fire bat (Volcano)
  4 lava snakes (Volcano)
  4 crimson imps
  An orc (D:6)
10 creatures vanquished.

Vanquished Creatures (others)
  A killer bee zombie (D:7)
  A fungus (Lair:1)
  A plant (Lair:1)
3 creatures vanquished.

Grand Total: 214 creatures vanquished

Notes
Turn   | Place    | Note
-------+----------+-------------------------------------------
     0 | D:1      | doot the Deep Elf Fire Elementalist began the quest for the
                  | Orb.
     0 | D:1      | Reached XP level 1. HP: 10/10 MP: 6/6
     6 | D:1      | Noticed an anaconda
     6 | D:1      | Noticed a wolf
     6 | D:1      | Noticed a five-headed hydra
     6 | D:1      | Noticed a black bear
   321 | D:1      | Reached XP level 2. HP: 15/15 MP: 5/8
   325 | D:1      | Learned a level 2 spell: Throw Flame
   643 | D:2      | Found an ornate altar of the Wu Jian Council.
   830 | D:2      | Reached XP level 3. HP: 19/19 MP: 2/9
  1123 | D:2      | Learned a level 3 spell: Conjure Flame
  1127 | D:2      | Learned a level 3 spell: Inner Flame
  1749 | D:3      | Reached XP level 4. HP: 24/24 MP: 5/11
  2079 | D:3      | Found a faded altar of an unknown god.
  2081 | D:3      | Reached skill level 4 in Spellcasting
  2614 | D:3      | Found a shattered altar of Ashenzari.
  2881 | D:3      | Reached XP level 5. HP: 28/28 MP: 3/14
  2964 | D:3      | Learned a level 4 spell: Sticky Flame
  3031 | D:3      | Reached skill level 5 in Spellcasting
  3368 | D:4      | Found Ofiar's Weapon Shoppe.
  3482 | D:4      | Noticed Edmund
  3488 | D:4      | Killed Edmund
  3488 | D:4      | Reached skill level 5 in Fire Magic
  3488 | D:4      | Reached XP level 6. HP: 19/32 MP: 4/16
  3718 | D:4      | Reached skill level 6 in Spellcasting
  3883 | D:4      | Found a snail-covered altar of Cheibriados.
  4153 | D:5      | Entered Level 5 of the Dungeon
  4253 | D:5      | Found a shimmering altar of Xom.
  4265 | D:5      | Learned a level 3 spell: Confuse
  4371 | D:5      | Reached XP level 7. HP: 29/36 MP: 12/18
  4467 | D:5      | Noticed a hungry ghost
  4501 | D:5      | Killed a hungry ghost
  4639 | D:5      | Reached skill level 7 in Spellcasting
  5079 | D:6      | Found a shadowy altar of Dithmenos.
  5107 | D:6      | Found a stormy altar of Qazlal.
  5107 | D:6      | Found an iron altar of Okawaru.
  5107 | D:6      | Found a sparkling altar of Nemelex Xobeh.
  5282 | D:6      | Reached skill level 5 in Conjurations
  5282 | D:6      | Reached XP level 8. HP: 28/42 MP: 11/21
  5391 | D:6      | Learned a level 4 spell: Summon Lightning Spire
  5412 | D:6      | Found a glowing golden altar of the Shining One.
  5465 | D:6      | Reached skill level 1 in Armour
  6010 | D:7      | Found a radiant altar of Vehumet.
  6021 | D:7      | Became a worshipper of Vehumet
  6209 | D:7      | Found a staircase to the Ecumenical Temple.
  6213 | Temple   | Entered the Ecumenical Temple
  6700 | D:7      | Reached skill level 8 in Spellcasting
  6824 | D:7      | Found a hide-covered altar of Uskayaw.
  6851 | D:7      | Found a runed translucent gate.
  6851 | D:7      | Found a runed translucent gate.
  6852 | D:7      | Found a runed translucent gate.
  6852 | D:7      | Noticed doot's ghost (novice FoEE)
  7190 | D:8      | Found a bloodstained altar of Trog.
  7272 | D:8      | Noticed Erica
  7338 | D:8      | Reached skill level 1 in Air Magic
  7371 | D:8      | HP: 2/42 [poisoned by a killer bee]
  7726 | D:8      | Got a faintly glowing ivory amulet
  7727 | D:8      | Identified the amulet of Zausi {Gourm rN+++ Str+3 Int-5
                  | SInv} (You found it on level 8 of the Dungeon)
  7762 | D:8      | Killed Erica
  7762 | D:8      | Reached skill level 1 in Fighting
  7762 | D:8      | Reached skill level 1 in Summonings
  7762 | D:8      | Reached XP level 9. HP: 47/47 MP: 11/23
  7800 | D:8      | Reached skill level 9 in Spellcasting
  8094 | D:8      | Noticed Pikel
  8104 | D:8      | Killed Pikel
  8104 | D:8      | Reached skill level 1 in Hexes
  8219 | D:8      | Learned a level 5 spell: Fireball
  8476 | D:9      | Noticed Maurice
  8483 | D:9      | Killed Maurice
  8483 | D:9      | Reached skill level 10 in Spellcasting
  8644 | D:9      | Found a staircase to the Lair.
  8729 | D:9      | Reached * piety under Vehumet
  8729 | D:9      | Offered knowledge of Sting by Vehumet.
  8856 | D:9      | Found a hazy altar of Hepliaklqana.
  8903 | D:9      | Reached skill level 5 in Stealth
  8919 | D:9      | Noticed a troll
  8929 | D:9      | Killed a troll
  8929 | D:9      | Reached XP level 10. HP: 53/53 MP: 11/26
  8952 | D:9      | Noticed Erolcha
  8960 | D:9      | Killed Erolcha
  9178 | D:9      | Reached skill level 11 in Spellcasting
  9461 | D:10     | Entered Level 10 of the Dungeon
  9466 | D:10     | Offered knowledge of Searing Ray by Vehumet.
  9574 | D:10     | Reached ** piety under Vehumet
  9735 | D:10     | Found Feamp's Assorted Antiques.
  9738 | D:10     | Bought a scroll of teleportation for 72 gold pieces
  9754 | D:10     | Found Mimanumn's Armour Shoppe.
  9804 | D:10     | Found Lirhodick's Weapon Emporium.
  9843 | D:10     | Found a staircase to the Orcish Mines.
  9853 | D:10     | Found Baiclito's Jewellery Emporium.
  9861 | D:10     | Bought an uncursed ring of fire for 350 gold pieces
 10166 | D:10     | Found a runed translucent door.
 10170 | D:10     | Noticed TrebMcFLY's ghost (novice DDFi)
 10188 | D:10     | Found Optianer's Assorted Antiques.
 10585 | D:10     | Got a twitching lapis lazuli ring
 10613 | D:10     | Identified the ring "Rajual Foyz" {rC+ rN+ Slay+2} (You
                  | found it on level 10 of the Dungeon)
 10640 | Orc:1    | Entered Level 1 of the Orcish Mines
 10840 | Lair:1   | Entered Level 1 of the Lair of Beasts
 10867 | Lair:1   | Reached skill level 1 in Long Blades
 10867 | Lair:1   | Reached skill level 5 in Dodging
 11260 | Lair:1   | Noticed a black mamba
 11263 | Lair:1   | Killed a black mamba
 11263 | Lair:1   | Reached skill level 12 in Spellcasting
 11399 | Lair:1   | Reached skill level 10 in Fire Magic
 11401 | Lair:1   | Reached XP level 11. HP: 55/57 MP: 9/29
 12001 | Lair:1   | Offered knowledge of Mephitic Cloud by Vehumet.
 12030 | Lair:1   | Learned a level 3 spell: Mephitic Cloud
 12332 | Lair:2   | Found a hole to the Spider Nest.
 12334 | Lair:2   | Got distressingly furry ice dragon scales
 12404 | Lair:2   | Found a dark tunnel.
 12420 | Volcano  | Entered a volcano
 12743 | Volcano  | Identified the +3 ice dragon scales of the Orcish Mines
                  | {rF- rC++ MR+ Str+2} (You found it on level 2 of the Lair
                  | of Beasts)
 13141 | Volcano  | Reached *** piety under Vehumet
 13354 | Volcano  | Found a bloodstained altar of Trog.
 13372 | Volcano  | Noticed a stone giant
 13380 | Volcano  | HP: 1/85 [stone giant (29)]
 13383 | Volcano  | Mangled by a stone giant

Skill      XL: |  1  2  3  4  5  6  7  8  9 10 11 |
---------------+----------------------------------+-----
Fire Magic     | 4 5 6 7 8 10 | 10.3
Conjurations   | 2 3 4 5 6 8 9 |  9.0
Stealth        | 3 4 5 |  5.1
Spellcasting   | 4 5 6 7 8 10 12 | 12.4
Dodging        | 3 4 5 |  5.1
Armour         | 2 3 |  3.1
Air Magic      | 1 2 |  2.3
Fighting       | 1 |  1.8
Summonings     | 1 2 |  2.3
Hexes          | 1 2 |  2.3
Long Blades    | 1 |  1.7
Short Blades   | |  0.8

Action                   |  1- 3 |  4- 6 |  7- 9 | 10-12 || total
-------------------------+-------+-------+-------+-------++-------
Melee: Dagger            |       |     5 |    18 |       ||    23
       Scimitar          |       |       |     2 |    12 ||    14
 Cast: Flame Tongue      |    43 |    70 |   112 |    83 ||   308
       Throw Flame       |    26 |    27 |    17 |     8 ||    78
       Conjure Flame     |       |     6 |    11 |    13 ||    30
       Inner Flame       |       |     2 |     5 |     2 ||     9
       Sticky Flame      |       |     5 |    24 |    32 ||    61
       Summon Lightning  |       |       |     6 |     9 ||    15
       Fireball          |       |       |       |     4 ||     4
       Mephitic Cloud    |       |       |       |     1 ||     1
  Use: Scroll            |       |     4 |    10 |     2 ||    16
       Potion            |       |     1 |       |     4 ||     5
 Stab: Sleeping          |       |     1 |       |       ||     1
  Eat: Chunk             |     3 |     8 |    16 |    11 ||    38
       Ration            |       |       |     1 |     1 ||     2
Armor: Robe              |     1 |     3 |     5 |     4 ||    13
       Leather armour    |       |       |    25 |       ||    25
       Skin              |       |       |       |     4 ||     4
Dodge: Dodged            |     5 |    21 |    47 |    44 ||   117
       Rpst.: Scimitar   |       |       |     1 |     8 ||     9
